 Dungeon Crawl Stone Soup version 0.28-a0-1128-gb845255321 (webtiles) character file.

Game seed: 5472790731437229376

2 Garessta the Vexing (level 1, 0/13 HPs)
             Began as a Vampire Enchanter on Dec 12, 2021.
             Slain by a quokka (1 damage)
             ... on level 1 of the Dungeon.
             The game lasted 00:00:17 (89 turns).

Garessta the Vexing (Vampire Enchanter)               Turns: 89, Time: 00:00:17

Health: 0/13       AC:  2    Str:  7    XL:     1   Next: 25%
Magic:  3/3        EV: 12    Int: 17    God:
Gold:   14         SH:  0    Dex: 14    Spells: 4/4 levels left

rFire   . . .      SeeInvis +   a - +1 dagger
rCold   . . .      Faith    .   (no shield)
rNeg    . . .      Spirit   .   b - +0 robe
rPois   .          Reflect  .   (no helmet)
rElec   .          Harm     .   (no cloak)
rCorr   .          Rampage  .   (no gloves)
Will    .....                   (no boots)
Stlth   +++.......              (no amulet)
HPRegen 0.24/turn               (no ring)
MPRegen 0.08/turn               (no ring)

@: healing quickly
A: alive, fangs 3, see invisible, vampiric 1
a: Exsanguinate


You were on level 1 of the Dungeon.
You visited 1 branch of the dungeon, and saw 1 of its levels.

You collected 14 gold pieces.

Inventory:

Hand Weapons
 a - a +1 dagger (weapon)
Armour
 b - a +0 robe (worn)
Potions
 c - a potion of invisibility


   Skills:
 + Level 1.1 Short Blades
 + Level 2.2 Dodging
 + Level 4.4 Stealth
 + Level 2.0 Spellcasting
 + Level 4.4 Hexes


You had 4 spell levels left.
You didn't know any spells.
Your spell library contained the following spells:

 Spells                   Type           Power      Damage    Failure   Level
 Confusing Touch          Hex            16%        N/A       10%         3
 Tukima's Dance           Hex            16%        N/A       10%         3
 Ensorcelled Hibernation  Hex/Ice        18%        N/A       12%         2
 Dazzling Flash           Conj/Hex       18%        N/A       24%         3


Dungeon Overview and Level Annotations

Branches:
Dungeon (1/15)

Altars:


Innate Abilities, Weirdness & Mutations

Your natural rate of healing is accelerated.
You have razor-sharp teeth.
You have supernaturally acute eyesight. (SInv)
You are afflicted with vampirism.


Message History

You now have 14 gold pieces (gained 10).
A quokka comes into view.
A rat comes into view.
You hit the rat.
You kill the rat!
No target in view!
You see here a rat corpse.
There is a faded altar of an unknown god here.
You hit the quokka but do no damage. The quokka barely misses you.
You miss the quokka. The quokka barely misses you.
You barely miss the quokka. The quokka closely misses you.
You hit the quokka but do no damage. The quokka bites you.
The quokka barely misses you.
You hit the quokka but do no damage. The quokka bites you.
You hit the quokka but do no damage. Your bite misses the quokka.
The quokka misses you.
You hit the quokka but do no damage. The quokka closely misses you.
You hit the quokka but do no damage. The quokka bites you.
You are too injured to fight recklessly!
You are too injured to fight recklessly!
You are too injured to fight recklessly!
You are too injured to fight recklessly!
You are too injured to fight recklessly!
You are too injured to fight recklessly!
You are too injured to fight recklessly!
You are too injured to fight recklessly!
You are too injured to fight recklessly!
You are too injured to fight recklessly!
You are too injured to fight recklessly!
You are too injured to fight recklessly!
You are too injured to fight recklessly!
You are too injured to fight recklessly!
You are too injured to fight recklessly!
You are too injured to fight recklessly!
The quokka bites you.
* * * LOW HITPOINT WARNING * * *
You hit the withered plant.
The withered plant begins to crumble.
The withered plant is lightly damaged.
The quokka bites you.
You die...

###PP.....#...
#.#...P..P#.# #....PP..P#
#........P# #.........#
#...P..PP.# #####_#####
#P.P.Pr...########
#.PPP..@.P#......#
#...P...P.#....#.#
#PPP..P.P.#....#.#
#.#P.....P#.†...#.#######
###P.....P#.....#........
#.P.PPPP#.......#######
#.##..P##......#########
## #P.. #......#........
..### #......#........


You could see a quokka.

Vanquished Creatures
  An endoplasm (D:1)
  A rat (D:1)
2 creatures vanquished.

Notes
Turn   | Place    | Note
-------+----------+-------------------------------------------
     0 | D:1      | Garessta the Vampire Enchanter began the quest for the Orb.
     0 | D:1      | Reached XP level 1. HP: 13/13 MP: 3/3
    55 | D:1      | Found a faded altar of an unknown god.
    89 | D:1      | Slain by a quokka

Illustrated notes

Levels and vault maps discovered:
D:1:      giann_wishing_wells, layout_basic, shapermc_ecumenical_altar_gd,
          glass_columns_b, hangedman_decor_riveting

Action                   || total
-------------------------++-------
Melee: Dagger            ||    11
 Stab: Sleeping          ||     1
Dodge: Dodged            ||     6

Table legend: (Time is in decaauts)
 A = Elapsed time spent in this place.
 B = Non-inter-level travel time spent in this place.
 C = Inter-level travel time spent in this place.
 D = Time resting spent in this place.
 E = Time spent auto-exploring this place.
 F = Levels seen in this place.
 G = Mean time per level.
                   A        B        C        D        E       F      G
               +--------+--------+--------+--------+--------+-----+--------+
         Total |     88 |     88 |      0 |      0 |     47 |   1 |   88.0 |
       Dungeon |     88 |     88 |      0 |      0 |     47 |   1 |   88.0 |
               +--------+--------+--------+--------+--------+-----+--------+

Top non-repeatable levels by time:
     D:1: 88 daAuts
